 Dungeon Crawl Stone Soup version 0.28-a0-793-g31680bbd8b (webtiles) character file.

Game seed: 8278177797641527134

181840 Essalna the Arsonist (level 17, -9/135 HPs)
             Began as a Demonspawn Fire Elementalist on Nov 5, 2021.
             Was the Champion of Vehumet.
             Mangled by a merfolk impaler (22 damage)
             ... on level 4 of the Shoals.
             The game lasted 01:43:52 (36541 turns).

Essalna the Arsonist (DsFE)                        Turns: 36541, Time: 01:43:53

Health: -9/135     AC: 14    Str: 10    XL:     17   Next: 69%
Magic:  33/42      EV: 17    Int: 23    God:    Vehumet [******]
Gold:   1923       SH:  7    Dex: 18    Spells: 14/41 levels left

rFire   . . .      SeeInvis .   y - +3 whip (elec)
rCold   . . .      Faith    .   U - +2 buckler {reflect}
rNeg    . . .      Spirit   .   w - +1 ring mail "Zomn" {Regen+ Dex+3}
rPois   .          Reflect  +   (helmet restricted)
rElec   .          Harm     .   (cloak unavailable)
rCorr   .          Rampage  .   A - +1 pair of gloves
Will    +....                   s - +2 pair of boots
Stlth   +.........              R - amulet of regeneration
HPRegen 2.32/turn               u - ring of wizardry
MPRegen 0.28/turn               a - ring of Qukiw {MP+9 Int+2}

@: about to teleport
A: horns 2, powered by death 2, demonic magic 2, weakness stinger 3, demonic
touch 2
a: Renounce Religion


You were on level 4 of the Shoals.
You worshipped Vehumet.
Vehumet was exalted by your worship.
You visited 5 branches of the dungeon, and saw 28 of its levels.
You also visited: Ice Cave.

You collected 2902 gold pieces.
You spent 979 gold pieces at shops.

Inventory:

Hand Weapons
 y - a +3 whip of electrocution (weapon)
Missiles
 o - 3 throwing nets
Armour
 s - a +2 pair of boots (worn)
 w - the +1 ring mail "Zomn" (worn) {Regen+ Dex+3}
   (You found it on level 5 of the Dungeon)

   Dex:       It affects your dexterity (+3).
   Regen:     It increases your rate of health regeneration.
 A - a +1 pair of gloves (worn)
 K - a +1 robe of fire resistance
 O - a +2 robe of cold resistance
 U - a +2 buckler of reflection (worn)
Magical Staves
 D - a staff of earth
 M - a staff of cold
Jewellery
 a - the ring of Qukiw (right hand) {MP+9 Int+2}
   (You bought it in a shop on level 2 of the Orcish Mines)

   [ring of magical power]

   Int:       It affects your intelligence (+2).
   MP:        It affects your magic capacity (+9).
 i - a ring of protection from cold
 k - a +4 ring of evasion
 n - a ring of ice
 q - an amulet of faith
 t - a +6 ring of intelligence
 u - a ring of wizardry (left hand)
 x - a +6 ring of dexterity
 I - an amulet of reflection
 P - an amulet of magic regeneration
 R - an amulet of regeneration (around neck)
 S - a ring of magical power
 W - a ring of protection from fire
 Z - a ring of resist corrosion
Wands
 e - a wand of flame (25)
 E - a wand of digging (18)
 G - a wand of polymorph (24)
 V - a wand of charming (5)
Scrolls
 b - 5 scrolls of amnesia
 d - 8 scrolls of magic mapping
 f - 22 scrolls of identify
 j - 6 scrolls of teleportation
 r - 4 scrolls of enchant armour
 J - 3 scrolls of summoning
 L - 2 scrolls of enchant weapon
Potions
 c - 3 potions of might
 g - 3 potions of flight {unknown}
 h - 8 potions of curing
 l - 3 potions of mutation {unknown}
 m - 4 potions of attraction {unknown}
 p - 8 potions of degeneration {unknown}
 v - a potion of magic {unknown}
 z - 2 potions of berserk rage {unknown}
 B - 4 potions of cancellation {unknown}
 C - 2 potions of brilliance {unknown}
 F - 8 potions of lignification {unknown}
 H - 2 potions of resistance {unknown}
 N - 3 potions of heal wounds {unknown}
 T - 2 potions of invisibility {unknown}
 X - 11 potions of ambrosia
 Y - 6 potions of haste {unknown}


   Skills:
 + Level 12.8 Fighting
 + Level 11.9 Armour
 + Level 12.0 Dodging
 - Level 1.7 Stealth
 - Level 4.0 Shields
 + Level 12.8 Spellcasting
 - Level 9.0 Conjurations
 + Level 13.0 Fire Magic
 + Level 11.5 Ice Magic


You had 14 spell levels left.
You knew the following spells:

 Your Spells              Type           Power      Damage    Failure   Level
a - Foxfire               Conj/Fire      100%       2x1d9     1%          1
b - Scorch                Fire           100%       2d10      1%          2
c - Flame Wave            Conj/Fire      60%        3d11      1%          4
d - Ozocubu's Refrigerat  Ice            30%        4d11      8%          7
e - Spellforged Servitor  Conj/Summ      17%        N/A       67%         7
f - Starburst             Conj/Fire      30%        6d9       1%          6

Your spell library contained the following spells:

 Spells                   Type           Power      Damage    Failure   Level
 Fire Storm               Conj/Fire      30%        8d8       99%         9
 Polar Vortex             Ice            30%        N/A       99%         9
 Shatter                  Erth           7%         3d9*      100%        9
 Magic Dart               Conj           100%       1d8       1%          1
 Poisonous Vapours        Pois/Air       28%        N/A       1%          2
 Searing Ray              Conj           100%       2d8       1%          2
 Static Discharge         Conj/Air       35%        N/A       1%          2
 Conjure Flame            Conj/Fire      60%        6-21      1%          3
 Dazzling Flash           Conj/Hex       70%        N/A       1%          3
 Ignite Poison            Fire/Tmut/Pois 34%        N/A       1%          3
 Inner Flame              Hex/Fire       44%        N/A       1%          3
 Stone Arrow              Conj/Erth      70%        3d11      1%          3
 Fulminant Prism          Conj/Hex       17%        3d11      1%          4
 Fireball                 Conj/Fire      30%        3d13      1%          5
 Freezing Cloud           Conj/Ice/Air   23%        6-21      1%          5
 Iskenderun's Battlesphe  Conj           54%        2d10      1%          5
 Apportation              Tloc           28%        N/A       3%          1
 Pain                     Necr           56%        1d6       3%          1
 Sting                    Tmut/Pois      56%        1d5       3%          1
 Lightning Bolt           Conj/Air       17%        1d32      4%          5
 Passwall                 Tmut/Erth      11%        N/A       5%          2
 Airstrike                Air            7%         N/A       10%         4
 Olgreb's Toxic Radiance  Pois           14%        N/A       10%         4
 Call Canine Familiar     Summ           14%        N/A       11%         3
 Portal Projectile        Hex/Tloc       28%        N/A       11%         3
 Swiftness                Air            14%        N/A       11%         3
 Orb of Destruction       Conj           27%        9d11      19%         7
 Conjure Ball Lightning   Conj/Air       17%        3x3d6     21%         6
 Lee's Rapid Deconstruct  Erth           7%         3d7*      24%         5
 Ignition                 Fire           33%        3d10      26%         8
 Animate Armour           Summ/Erth      28%        N/A       32%         4
 Leda's Liquefaction      Hex/Erth       7%         N/A       32%         4
 Summon Lightning Spire   Summ/Air       14%        N/A       32%         4
 Agony                    Necr           14%        N/A       65%         5
 Alistair's Intoxication  Tmut/Pois      9%         N/A       65%         5
 Excruciating Wounds      Necr           7%         N/A       65%         5
 Silence                  Hex/Air        7%         N/A       65%         5
 Dispersal                Tloc           7%         N/A       99%         6
 Invisibility             Hex            7%         N/A       99%         6
 Lehudib's Crystal Spear  Conj/Erth      17%        10d5      99%         8
 Storm Form               Tmut/Air       7%         N/A       100%        7
 Disjunction              Tloc           7%         N/A       100%        8
 Maxwell's Capacitive Co  Air            7%         ∞         100%        8


Dungeon Overview and Level Annotations

Branches:
Dungeon (15/15)            Temple (1/1) D:5            Lair (6/6) D:8
 Shoals (4/4) Lair:4       Spider (0/4) Lair:4        Slime (0/5) Lair:5
    Orc (2/2) D:12            Elf (0/3) Orc:2        Vaults (0/5) D:13
 Depths (0/4) D:15          IceCv (visited)

Altars:
Cheibriados
Elyvilon
Fedhas
Gozag
Makhleb
Nemelex Xobeh
Okawaru
Ru
Trog
Uskayaw
Vehumet
Xom
Yredelemnul
The Shining One
Beogh

Shops:
D:7 (   D:8 [   Orc:1 :(   Orc:2 [:(=

Portals:
Trove: D:13 (show abyssal rune of Zot)


Innate Abilities, Weirdness & Mutations

You have a pair of horns on your head.
You regenerate health from kills.
Spells you cast may paralyse nearby enemies.
You have a sharp stinger which inflicts weakening toxins.
Your touch may inflict irresistible damage on your foes.


Message History

The merfolk javelineer is engulfed in a cloud of scalding steam.
The merfolk javelineer throws a silver javelin.
The silver javelin pierces through you! The silver sears you!
The merfolk javelineer throws a silver javelin.
The silver javelin pierces through you!!
The silver sears you!
As you read the scroll of teleportation, it crumbles to dust.
You feel strangely unstable.
The foxfire hits the merfolk javelineer.
The merfolk javelineer is heavily wounded.
The foxfire hits the merfolk javelineer.
The merfolk javelineer is heavily wounded.
The merfolk javelineer throws a silver javelin.
The silver javelin barely misses you.
The merfolk javelineer is engulfed in a cloud of scalding steam.
The merfolk javelineer throws a silver javelin.
The silver javelin pierces through you!!
* * * LOW HITPOINT WARNING * * *
The silver sears you!
* * * LOW HITPOINT WARNING * * *
Okay, then.
As you read the scroll of fog, it crumbles to dust.
The scroll dissolves into smoke.
The merfolk javelineer throws a silver javelin.
The silver javelin completely misses you.
The merfolk javelineer throws a silver javelin.
The silver javelin closely misses you.
Casting: Foxfire (safe; 1% risk of failure)
Confirm with . or Enter, or press ? or * to list all spells.
You can't see any susceptible monsters within range! (Use Z to cast anyway.) Unknown command.
You feel better. The merfolk impaler barely misses you.
The merfolk javelineer is engulfed in a cloud of scalding steam.
The merfolk javelineer throws a silver javelin.
The silver javelin pierces through you!
* * * LOW HITPOINT WARNING * * *
The silver sears you!
* * * LOW HITPOINT WARNING * * *
The merfolk impaler hits you from afar with a +1 trident of flaming!!
You die...

.........≈≈≈≈... ##≈≈≈≈≈≈.≈..#..
....≈.....≈W≈....# #≈≈≈≈≈P.≈.....
.........≈≈≈..≈≈.# #PP≈≈.P.≈≈..≈.
≈....###..≈≈≈...# #≈≈≈P..≈≈≈≈≈≈≈
≈.?..###..≈≈≈...# #.≈≈≈≈≈≈P≈≈≈≈≈≈
..........≈≈≈≈.# #.≈≈≈≈≈≈≈≈≈≈≈≈≈
..≈≈.......≈≈..# ..≈≈≈≈≈≈≈≈≈≈≈≈≈
#.≈≈≈....≈≈≈≈≈§###§≈≈≈≈≈≈≈≈≈≈≈≈≈≈
##.≈≈≈...≈≈≈≈)§§@§§.≈≈≈≈≈≈≈≈≈≈≈≈≈
#≈≈≈≈...≈≈≈≈≈m§§§§.≈≈≈≈≈≈≈≈≈#≈≈≈
#≈≈≈≈≈≈≈≈≈≈≈§§m§§§.≈≈≈≈≈≈≈≈≈≈≈≈≈
#≈≈≈≈≈≈≈≈≈≈≈≈≈≈≈≈..≈≈≈≈≈≈≈≈≈≈≈≈≈
#≈≈≈≈≈≈≈≈≈≈#####≈.≈≈≈≈P ≈≈≈≈≈≈≈≈
#≈≈≈≈≈≈≈≈≈≈## #≈≈≈≈P≈ ≈≈≈≈≈≈≈
≈≈≈≈≈≈≈≈≈≈≈# ≈≈≈P≈P ≈≈≈≈≈≈
≈≈≈≈≈≈≈≈≈# ≈≈mPP≈ ≈≈≈≈≈≈ ≈≈≈≈≈≈


You could see a merfolk impaler and a merfolk javelineer.

Vanquished Creatures
  Jorgrun (D:13)
  A kraken (Shoals:2)
  A storm dragon (D:13)
  Kirke (Lair:6)
  Ilsuiw (Shoals:3)
  3 reapers (IceCv)
  Snorg (Lair:4)
  4 merfolk javelineers
  5 merfolk impalers
  An ettin (D:13)
  A yaktaur captain (D:13)
  Harold (D:11)
  3 vault guards (D:13)
  An ice dragon (D:15)
  4 boulder beetles
  12 hydras
  2 ogre magi (D:15)
  2 great orbs of eyes (D:13)
  2 catoblepae
  3 caustic shrike simulacra (IceCv)
  Erica (D:8)
  4 centaur warriors
  2 death knights
  2 merfolk avatars (Shoals:4)
  4 death yaks
  11 two-headed ogres
  An alligator snapping turtle (Shoals:4)
  The ghost of Eronk the Geomancer, a journeyman GrEE of Vehumet (D:13)
  A merfolk aquamancer (Shoals:4)
  2 orc high priests (Orc:2)
  2 tengu warriors
  2 sun demons (Shoals:4)
  5 skeletal warriors (D:13)
  8 sea snakes
  3 bog bodies (IceCv)
  A deep elf archer (D:13)
  3 wizards
  4 phantasmal warriors (D:15)
  A necromancer (D:13)
  7 orc knights
  19 harpies
  Pikel (D:6)
  2 deep elf pyromancers
  13 ugly things
  11 orc sorcerers
  8 fauns
  14 manticores
  3 oklob plants (Lair:5)
  6 cyclopes
  5 elephants
  Maurice (D:13)
  4 black mambas
  9 water nymphs
  7 merfolk sirens
  22 cane toads
  An unseen horror (D:11)
  A gargoyle (D:11)
  A yaktaur (D:13)
  11 komodo dragons
  3 anaconda simulacra
  2 rime drakes
  Psyche (D:11)
  A tengu conjurer (D:13)
  3 entropy weaver simulacra
  3 freezing wraiths
  9 trolls
  6 polar bears
  5 golden dragon simulacra (IceCv)
  7 wind drakes
  A queen bee (Lair:3)
  23 merfolk
  5 hornets (Lair:6)
  A jumping spider (Lair:4)
  A wolf spider simulacrum (D:15)
  43 blink frogs
  4 snapping turtles
  A snapping turtle (shapeshifter) (D:14)
  17 dream sheep
  Sigmund (D:2)
  6 water elementals
  A dire elephant simulacrum (Shoals:2)
  73 yaks
  2 spriggan simulacra
  14 spriggans (Lair:6)
  8 wyverns
  Eustachio (D:6)
  4 wraiths
  5 vampires
  4 hogs (Lair:6)
  Grum (D:11)
  A fire bat (shapeshifter) (D:14)
  7 basilisks
  19 humans
  14 vampire mosquitoes
  7 wargs
  2 acid dragons
  Menkaure (D:6)
  3 hydra simulacra (IceCv)
  17 water moccasins
  23 orc warriors
  2 ettin simulacra (IceCv)
  4 black bears
  An alligator simulacrum (Shoals:2)
  A sky beast (D:6)
  16 ogres
  3 necrophages
  3 boggarts (Lair:6)
  25 centaurs
  2 lemures
  41 wolves
  3 kobold brigands
  16 bullfrogs
  A gnoll sergeant (D:6)
  4 scorpions
  2 deep troll simulacra (Shoals:2)
  A wyvern skeleton (D:7)
  39 killer bees
  14 wights
  A bullfrog zombie (D:5)
  3 centaur zombies
  14 orc priests
  A hound (D:5)
  3 jellies
  A gnoll shaman (Orc:1)
  Crazy Yiuf (D:6)
  5 bullfrog skeletons
  49 orc wizards
  2 iguanas
  A howler monkey zombie (D:9)
  Robin (D:2)
  15 gnolls
  10 adders
  A white imp (D:7)
  An ufetubus (D:6)
  2 worms
  An adder skeleton (D:4)
  A dart slug (D:1)
  84 orcs
  4 ball pythons
  3 endoplasms
  2 giant cockroaches
  14 goblins
  5 hobgoblins
  3 jackals (D:4)
  21 kobolds
  3 quokkas
  5 bats
  6 frilled lizards
  4 rats
  6 bushes
  A butterfly (Lair:5)
1056 creatures vanquished.

Vanquished Creatures (collateral kills)
  54 foxfires
54 creatures vanquished.

Vanquished Creatures (others)
  An orc (D:8)
  9 bushes
  2542 foxfires
  49 fungi
  78 plants
  13 tentacles (Shoals:2)
2692 creatures vanquished.

Grand Total: 3802 creatures vanquished

Notes
Turn   | Place    | Note
-------+----------+-------------------------------------------
     0 | D:1      | Essalna the Demonspawn Fire Elementalist began the quest
                  | for the Orb.
     0 | D:1      | Reached XP level 1. HP: 13/13 MP: 3/3
   327 | D:1      | Found a faded altar of an unknown god.
   341 | D:1      | Discovered your monstrous ancestry.
   341 | D:1      | Gained mutation: You have a small tail. [demonic ancestry]
   341 | D:1      | Reached XP level 2. HP: 19/19 MP: 1/5
   924 | D:2      | Reached skill level 3 in Fire Magic
  1024 | D:2      | Noticed Sigmund
  1458 | D:2      | Noticed Robin
  1765 | D:2      | Gained mutation: You have a pair of small horns on your
                  | head. [demonic ancestry]
  1765 | D:2      | Reached XP level 3. HP: 24/24 MP: 2/6
  2148 | D:2      | Noticed a black bear
  2338 | D:2      | Killed Sigmund
  2339 | D:2      | Gained mutation: Your touch may inflict minor irresistible
                  | damage on your foes. [demonic ancestry]
  2339 | D:2      | Reached XP level 4. HP: 30/30 MP: 0/9
  2339 | D:2      | Gained mutation: You regenerate a little health from kills.
                  | [demonic ancestry]
  2339 | D:2      | Reached XP level 5. HP: 35/35 MP: 0/10
  2539 | D:2      | Killed Robin
  2540 | D:2      | Reached skill level 4 in Fire Magic
  2723 | D:2      | Found a burning altar of Makhleb.
  2828 | D:1      | Learned a level 2 spell: Scorch
  2830 | D:1      | Killed a black bear
  2831 | D:1      | Reached XP level 6. HP: 33/41 MP: 6/11
  4450 | D:3      | Reached XP level 7. HP: 46/46 MP: 9/13
  5384 | D:4      | Reached skill level 5 in Fire Magic
  5525 | D:4      | Learned a level 4 spell: Flame Wave
  5618 | D:4      | Reached skill level 5 in Spellcasting
  5618 | D:4      | Reached skill level 5 in Conjurations
  5758 | D:5      | Entered Level 5 of the Dungeon
  5875 | D:5      | Gained mutation: You have a pair of horns on your head.
                  | [demonic ancestry]
  5875 | D:5      | Reached XP level 8. HP: 52/52 MP: 7/15
  6071 | D:5      | Identified the +1 ring mail "Zomn" {Regen+ Dex+3}
  6632 | D:5      | Found a staircase to the Ecumenical Temple.
  6642 | Temple   | Entered the Ecumenical Temple
  6755 | Temple   | Became a worshipper of Vehumet
  6936 | D:5      | Reached skill level 1 in Armour
  7118 | D:6      | Reached skill level 1 in Fighting
  7156 | D:6      | Noticed Pikel
  7300 | D:6      | Killed Pikel
  7301 | D:6      | Reached skill level 6 in Fire Magic
  7467 | D:6      | Reached XP level 9. HP: 55/62 MP: 0/18
  7697 | D:6      | Noticed Eustachio
  7705 | D:6      | Killed Eustachio
  7950 | D:6      | Found a shimmering altar of Xom.
  7971 | D:6      | Noticed Menkaure
  7978 | D:6      | Killed Menkaure
  8148 | D:6      | Learned a level 7 spell: Ozocubu's Refrigeration
  8334 | D:6      | Reached * piety under Vehumet
  8334 | D:6      | Offered knowledge of Shock by Vehumet.
  8335 | D:6      | Reached skill level 1 in Shields
  8380 | D:6      | Found a runed translucent door.
  8381 | D:6      | Noticed Crazy Yiuf
  8392 | D:6      | Killed Crazy Yiuf
  8857 | D:7      | Reached skill level 1 in Ice Magic
  8891 | D:7      | Found Jimawkett's Antique Weapon Shoppe.
  8982 | D:7      | Found an iron altar of Okawaru.
  9658 | D:7      | Gained mutation: Spells you cast may paralyse adjacent
                  | enemies. [demonic ancestry]
  9658 | D:7      | Reached XP level 10. HP: 39/71 MP: 14/19
  9843 | D:7      | Identified the +3 long sword "Ultimatum" {spect, rC+ Will+
                  | rCorr Int-3}
 10070 | D:7      | Offered knowledge of Sandblast by Vehumet.
 10095 | D:8      | Found an opulent altar of Gozag.
 10102 | D:8      | Reached skill level 7 in Fire Magic
 10104 | D:8      | Reached ** piety under Vehumet
 10621 | D:8      | Found Cussuej's Antique Armour Emporium.
 10791 | D:8      | Noticed Erica
 10803 | D:8      | Killed Erica
 10813 | D:8      | Got the Tome of Twisted Air
 11066 | D:8      | Found the +5 scythe "Finisher" {speed, eviscerate}
 11069 | D:8      | Noticed a skeletal warrior
 11495 | D:8      | Found a staircase to the Lair.
 11655 | Lair:1   | Entered Level 1 of the Lair of Beasts
 11669 | Lair:1   | Noticed a five-headed hydra
 11677 | Lair:1   | Killed a five-headed hydra
 11678 | Lair:1   | Reached skill level 5 in Fighting
 11678 | Lair:1   | Reached skill level 5 in Dodging
 11678 | Lair:1   | Gained mutation: You have a tail ending in a sharp stinger.
                  | [demonic ancestry]
 11678 | Lair:1   | Reached XP level 11. HP: 79/79 MP: 9/21
 11683 | Lair:1   | Noticed a four-headed hydra
 11895 | D:9      | Offered knowledge of Stone Arrow by Vehumet.
 11996 | D:9      | Noticed a two-headed ogre
 12147 | D:9      | Killed a two-headed ogre
 12252 | D:9      | Reached skill level 5 in Armour
 12569 | D:9      | Reached *** piety under Vehumet
 12998 | D:10     | Entered Level 10 of the Dungeon
 13112 | D:10     | Offered knowledge of Sticky Flame by Vehumet.
 13242 | D:10     | Noticed a two-headed ogre
 13249 | D:10     | Killed a two-headed ogre
 13404 | D:10     | Noticed a two-headed ogre
 13412 | D:10     | Killed a two-headed ogre
 13413 | D:10     | Reached skill level 8 in Fire Magic
 13631 | D:10     | Noticed a two-headed ogre
 13638 | D:10     | Killed a two-headed ogre
 14108 | D:11     | Noticed Harold
 14129 | D:11     | Killed Harold
 14138 | D:11     | Noticed Grum
 14148 | D:11     | Reached **** piety under Vehumet
 14151 | D:11     | Killed Grum
 14152 | D:11     | Gained mutation: You have a sharp stinger which inflicts
                  | weakening toxins. [demonic ancestry]
 14152 | D:11     | Reached XP level 12. HP: 56/89 MP: 4/24
 14412 | D:11     | Noticed Psyche
 14421 | D:11     | Killed Psyche
 14519 | D:11     | Offered knowledge of Frozen Ramparts by Vehumet.
 14596 | D:11     | Reached skill level 5 in Ice Magic
 15227 | D:12     | Noticed a two-headed ogre
 15234 | D:12     | Killed a two-headed ogre
 15649 | D:12     | Found a staircase to the Orcish Mines.
 16129 | D:12     | Noticed a boulder beetle
 16156 | D:12     | Killed a boulder beetle
 16442 | D:13     | Noticed an eight-headed hydra
 16591 | Lair:1   | Killed a four-headed hydra
 16606 | Lair:1   | Reached skill level 9 in Fire Magic
 17179 | Lair:1   | Gained mutation: Spells you cast may paralyse nearby
                  | enemies. [demonic ancestry]
 17179 | Lair:1   | Reached XP level 13. HP: 97/97 MP: 19/25
 19032 | Lair:3   | Reached ***** piety under Vehumet
 19164 | Lair:3   | Offered knowledge of Lightning Bolt by Vehumet.
 20538 | Lair:3   | Reached skill level 10 in Fire Magic
 20665 | Lair:3   | Offered knowledge of Spellforged Servitor by Vehumet.
 20675 | Lair:3   | Reached XP level 14. HP: 102/108 MP: 10/27
 21295 | Lair:4   | Identified the +1 war axe of the Asp {venom, *Slow Will+
                  | Int+2 Stlth+}
 21445 | Lair:4   | Noticed Snorg
 21495 | Lair:4   | Killed Snorg
 21498 | Lair:4   | Reached skill level 10 in Spellcasting
 21884 | Lair:4   | Found a staircase to the Shoals.
 22016 | Lair:4   | Found a hole to the Spider Nest.
 22751 | Lair:5   | Found a staircase to the Slime Pits.
 23272 | Lair:5   | Learned a level 7 spell: Spellforged Servitor
 23724 | Lair:6   | Entered Level 6 of the Lair of Beasts
 23724 | Lair:6   | Noticed Kirke
 23734 | Lair:6   | Killed Kirke
 24091 | Lair:6   | Reached skill level 10 in Fighting
 24272 | Lair:6   | Gained mutation: You regenerate health from kills. [demonic
                  | ancestry]
 24272 | Lair:6   | Reached XP level 15. HP: 56/115 MP: 27/29
 24343 | Lair:6   | Offered knowledge of Lee's Rapid Deconstruction by Vehumet.
 24396 | Lair:6   | Reached skill level 11 in Fire Magic
 24579 | Lair:6   | Identified the +4 battleaxe of Reshibux {flame, rElec
                  | Str+4}
 24579 | Lair:6   | Identified the +0 leather armour of Zovu {rN+ Dex+3}
 25465 | Orc:1    | Entered Level 1 of the Orcish Mines
 25496 | Orc:1    | Found Hethreve's Weapon Shoppe.
 25501 | Orc:1    | Found a radiant altar of Vehumet.
 25574 | Orc:1    | Found Suhiat's Book Shoppe.
 26308 | Orc:2    | Entered Level 2 of the Orcish Mines
 26308 | Orc:2    | Found a staircase to the Elven Halls.
 26379 | Orc:2    | Reached ****** piety under Vehumet
 26687 | Orc:2    | Offered knowledge of Yara's Violent Unravelling by Vehumet.
 26718 | Orc:2    | Found Dycaicra's Book Boutique.
 26718 | Orc:2    | Found Heyhac's Armour Shoppe.
 26722 | Orc:2    | Reached skill level 10 in Dodging
 27307 | Orc:2    | Found Umnithrom's Antique Weapon Shoppe.
 27309 | Orc:2    | Found Kuolloel's Jewellery Boutique.
 27327 | Orc:2    | Reached skill level 10 in Armour
 27351 | Orc:2    | Bought the ring of Qukiw {MP+9 Int+2} for 499 gold pieces
 27367 | Orc:2    | Bought a ring of wizardry for 480 gold pieces
 27619 | D:13     | Offered knowledge of Starburst by Vehumet.
 27808 | D:13     | Learned a level 6 spell: Starburst
 27815 | D:13     | Found a gate to the Vaults.
 27915 | D:13     | Noticed a storm dragon
 27981 | D:13     | Noticed Jorgrun
 27994 | D:13     | Killed Jorgrun
 28016 | D:13     | Found a portal to a secret trove of treasure.
 28444 | D:13     | Found a runed translucent door.
 28489 | D:13     | Noticed Eronk's ghost (journeyman GrEE)
 28510 | D:13     | Killed Eronk's ghost
 28511 | D:13     | Reached XP level 16. HP: 114/125 MP: 7/31
 28758 | D:13     | Killed a storm dragon
 28959 | D:13     | Reached skill level 10 in Ice Magic
 29239 | D:13     | Noticed Maurice
 29246 | D:13     | Killed Maurice
 29622 | D:13     | Identified the +10 flail "Resaryf" {antimagic, rF- rC-
                  | Str+6 Int+3}
 29626 | D:13     | Got Sif Muna's Collected Works on Dusty Poison
 29982 | D:14     | Found the +3 sling "Punk" {acid, rCorr}
 30006 | D:14     | Offered knowledge of Eringya's Noxious Bog by Vehumet.
 30142 | D:14     | Identified the ring "Vefeycang" {rElec rPois MP-9 SInv
                  | Stlth-}
 30575 | D:15     | Entered Level 15 of the Dungeon
 30612 | D:15     | Reached skill level 12 in Fire Magic
 30645 | D:15     | Found the +7 great mace "Undeadhunter" {disrupt, rN+}
 30821 | D:15     | Found a sacrificial altar of Ru.
 31659 | D:15     | Found a staircase to the Depths.
 32058 | Shoals:1 | Entered Level 1 of the Shoals
 32688 | Shoals:1 | You fall into a shaft and drop 1 floor!
 32699 | Shoals:2 | Offered knowledge of Lehudib's Crystal Spear by Vehumet.
 32771 | Shoals:2 | Found a frozen archway.
 32807 | IceCv    | Entered an ice cave
 33074 | IceCv    | Gained mutation: Your touch may inflict irresistible damage
                  | on your foes. [demonic ancestry]
 33074 | IceCv    | Reached XP level 17. HP: 34/133 MP: 33/33
 33880 | Shoals:2 | HP: 6/133 [merfolk impaler (14)]
 34235 | Shoals:2 | Noticed a kraken
 34271 | Shoals:2 | Killed a kraken
 35139 | Shoals:3 | Noticed Ilsuiw
 35148 | Shoals:3 | Offered knowledge of Fire Storm by Vehumet.
 35148 | Shoals:3 | Offered knowledge of Shatter by Vehumet.
 35148 | Shoals:3 | Offered knowledge of Polar Vortex by Vehumet.
 35151 | Shoals:3 | Killed Ilsuiw
 35161 | Shoals:4 | Entered Level 4 of the Shoals
 36033 | Shoals:4 | Reached skill level 13 in Fire Magic
 36541 | Shoals:4 | Mangled by a merfolk impaler

Illustrated notes

Levels and vault maps discovered:
D:1:      amcnicky_arrival_wind_blow, layout_basic,
          hellmonk_ecumenical_altar_inner_sanctum
D:2:      layout_basic, basic_altar, minmay_misc_feat_square, uniq_sigmund,
          uniq_robin
D:3:      layout_loops_corners
D:4:      layout_basic
D:5:      layout_cave_pools, minmay_temple_entry_poolview, serial_rivers,
          chequers_serial_rivers_small_a, chequers_serial_rivers_small_a,
          chequers_serial_rivers_small_b, chequers_serial_rivers_small_b,
          chequers_serial_rivers_large_a, chequers_serial_rivers_large_b,
          minmay_misc_feat_encased, minmay_hedge_maze
D:6:      layout_loops_cross, lemuel_doored_altar, hangedman_decor_opposing,
          uniq_eustachio, uniq_pikel, uniq_menkaure, uniq_crazy_yiuf_cottage
D:7:      layout_loops_ring, okawaru_humans, serial_shops, nicolae_diamond_shop
D:8:      layout_rooms, mainiacjoe_overflow_tiny_flanked, lair_entry_dummy,
          serial_shops, nicolae_take_the_stairs, minmay_guarded_unrand_finisher,
          uniq_erica
D:9:      layout_basic, marbit_many_paths, minmay_misc_feat_iff
D:10:     layout_roguey
D:11:     layout_stronghold, uniq_harold, uniq_grum, uniq_psyche
D:12:     layout_loops_ring, orc_0_dummy
D:13:     layout_gridville, grunt_vaults_entry_tiered,
          ebering_ghost_reflecting_pool, enter_trove_2, kennysheep_donut,
          minmay_checkered_concentric_circles, uniq_maurice, uniq_jorgrun
D:14:     layout_irregular_city, roderic_lattice_octagonal_star,
          lemuel_flamethrower_1
D:15:     grunt_enter_depths_hoard, layout_long_grid, serial_park_square1
          [serial_park_minivault_5x5_7], nicolae_ru_sacrificial_ziggurat
Temple:   dpeg_five_rooms_temple
Lair:1:   layout_cave_shapes, grunt_megastairs_2
Lair:2:   layout_cave_pods
Lair:3:   nzn_winding_woodlands_huge [nzn_winding_woodlands_5x15_default,
          nzn_winding_woodlands_5x15_garden, nzn_winding_woodlands_5x15_twine,
          nzn_winding_woodlands_5x15_eye, nzn_winding_woodlands_5x15_parted,
          nzn_winding_woodlands_5x15_cabin, nzn_winding_woodlands_5x15_default,
          nzn_winding_woodlands_5x15_river_crossing,
          nzn_winding_woodlands_5x15_concentric,
          nzn_winding_woodlands_5x15_pockets,
          nzn_winding_woodlands_center_lodge,
          nzn_winding_woodlands_center_diamonds,
          nzn_winding_woodlands_15x15_killbox], layout_long_grid, special_room
          [special_room_bee], infiniplex_staircase_pool
Lair:4:   layout_misc_corridors, minmay_shoals_entry_lonely_mermaid,
          spider_nest_entry_rubble, uniq_snorg
Lair:5:   layout_long_grid, minmay_slime_entry_oklob_open, lemuel_fruit_fields
Lair:6:   minmay_lair_end_enchanted_forest, layout_regular_city,
          grunt_megastairs_3, lemuel_fruit_fields, uniq_kirke
Shoals:1: layout_shoals
Shoals:2: layout_shoals, portal_ice_cave_entry_ice_simulacra
Shoals:3: layout_shoals, nicolae_shoals_square_sea_wall, uniq_ilsuiw
Shoals:4: shoals_end_simple, layout_shoals, shoal_ilsuiw,
          nicolae_shoals_sun_and_surf
Orc:1:    layout_caves, serial_shops, shop, basic_altar, guppyfry_orc_lava_fort
Orc:2:    st_orc_town, layout_diamond_mine, special_room

Skill      XL: |  1  2  3  4  5  6  7  8  9 10 11 12 13 14 15 16 17 |
---------------+----------------------------------------------------+-----
Fire Magic     | 3 4 5 6 7 8 9 10 11 12 13 | 13.0
Spellcasting   | 3 4 5 6 7 8 9 10 11 12 | 12.8
Conjurations   | 3 4 5 6 7 8 9 |  9.0
Dodging        | 3 4 5 6 7 8 9 10 11 12 | 12.0
Armour         | 2 3 4 5 7 8 9 10 11 | 11.9
Fighting       | 2 3 5 6 7 9 10 11 12 | 12.8
Shields        | 2 3 4 |  4.0
Ice Magic      | 1 3 4 6 7 8 9 10 11 | 11.5
Stealth        | |  1.7

Action                   |  1- 3 |  4- 6 |  7- 9 | 10-12 | 13-15 | 16-18 || total
-------------------------+-------+-------+-------+-------+-------+-------++-------
Melee: Dagger            |    11 |     3 |    10 |       |       |       ||    24
       Tailslap          |     2 |       |     2 |    18 |    19 |     2 ||    43
       Headbutt          |     1 |     1 |     4 |    20 |    20 |     1 ||    47
       Touch             |       |       |     4 |       |       |       ||     4
       Mace              |       |       |     1 |       |       |       ||     1
       Whip              |       |       |    16 |   112 |   116 |     7 ||   251
 Cast: Foxfire           |    77 |   110 |   230 |   136 |   653 |   292 ||  1498
       Scorch            |       |     6 |    66 |   132 |   142 |   120 ||   466
       Flame Wave        |       |       |     2 |    51 |   131 |   106 ||   290
       Starburst         |       |       |       |       |       |    31 ||    31
       Ozocubu's Refrige |       |       |       |       |       |    14 ||    14
  Use: Scroll            |       |       |       |    12 |       |     9 ||    21
       Potion            |       |       |       |       |       |     5 ||     5
 Stab: Paralysed         |       |       |       |     4 |    18 |       ||    22
       Sleeping          |       |       |       |       |     1 |       ||     1
Armor: Robe              |     7 |     2 |    13 |    13 |       |       ||    35
       Ring mail         |       |       |       |    77 |   115 |   157 ||   349
Dodge: Dodged            |    16 |     9 |    58 |   204 |   327 |   248 ||   862
Block: Buckler           |       |       |     5 |    76 |   117 |   118 ||   316
       Reflection        |       |       |       |       |     8 |    26 ||    34

Table legend: (Time is in decaauts)
 A = Elapsed time spent in this place.
 B = Non-inter-level travel time spent in this place.
 C = Inter-level travel time spent in this place.
 D = Time resting spent in this place.
 E = Time spent auto-exploring this place.
 F = Levels seen in this place.
 G = Mean time per level.
                   A        B        C        D        E       F      G
               +--------+--------+--------+--------+--------+-----+--------+
         Total |  36913 |  34960 |   1953 |   1317 |  27011 |  29 | 1272.9 |
       Dungeon |  21019 |  19659 |   1360 |   1197 |  15137 |  15 | 1401.3 |
        Temple |    165 |     99 |     66 |      0 |     92 |   1 |  165.0 |
          Lair |   8910 |   8570 |    340 |     91 |   6788 |   6 | 1485.0 |
        Shoals |   3828 |   3721 |    107 |     29 |   2888 |   4 |  957.0 |
  Orcish Mines |   2099 |   2020 |     79 |      0 |   1521 |   2 | 1049.5 |
      Ice Cave |    889 |    889 |      0 |      0 |    584 |   1 |  889.0 |
               +--------+--------+--------+--------+--------+-----+--------+

Top non-repeatable levels by time:
  Lair:3: 2299 daAuts
     D:3: 1995 daAuts
    D:13: 1908 daAuts
     D:6: 1696 daAuts
     D:8: 1665 daAuts
  Lair:6: 1551 daAuts
  Lair:2: 1480 daAuts
     D:1: 1467 daAuts
     D:7: 1465 daAuts
    D:11: 1456 daAuts
  Lair:5: 1427 daAuts
     D:2: 1269 daAuts
     D:5: 1260 daAuts
    D:14: 1247 daAuts
   Orc:2: 1219 daAuts
